AoeStats
← 皮蛋不是蛋

Arena

509876311Analyzed
2v2 RM · 2d ago on Sep 28, 2026· 32m 31s· 4 players
Game mode
Random Map
Map size
Medium (4 player)
Population
200
Speed
Normal
Resources
Standard
Victory
Conquest
Starting age
Dark Age
Ending age
Imperial Age
RankedLock teamsTeams togetherTeam positionsShared explorationLock speedFull tech treeHidden civsTurbo modeCheats
Victory
Defeat
🇹🇷 Malians · Türkiye
1217
+17
🇹🇷 Burgundians · Türkiye
1217
+17
🇻🇳 Danes · Vietnam
1237
-17
🇻🇳 Vietnamese · Vietnam
1237
-17
皮蛋不是蛋
7:32 Double-Bit Axe
10:10 Feudal Age
9:40 Horse Collar
11:53 Bow Saw
12:11 Heavy Plow
16:30 Castle Age
15:42 Gold Mining
17:26 Gold Shaft Mining
18:18 Two-Man Saw
17:41 Husbandry
18:34 Cavalier
19:23 Scale Barding Armor
20:24 Wheelbarrow
20:10 Forging
24:18 Hand Cart
25:46 Chain Barding Armor
27:20 Iron Casting
28:03 Loom
29:05 Crop Rotation
28:29 Stone Mining
32:09 Burgundian Vineyards
花生厚片
10:39 Feudal Age
15:23 Castle Age
13:55 Double-Bit Axe
14:35 Horse Collar
15:04 Gold Mining
16:49 Bow Saw
22:54 Scale Mail Armor
23:37 Wheelbarrow
23:46 Forging
26:24 Chain Mail Armor
27:04 Squires
28:32 Iron Casting
31:37 Hand Cart
31:25 Heavy Plow
32:11 Gold Shaft Mining
Wild Boar
12:45 Feudal Age
13:20 Double-Bit Axe
13:16 Horse Collar
13:42 Stone Mining
16:20 Castle Age
14:50 Gold Mining
16:17 Wheelbarrow
18:07 Scale Mail Armor
19:16 Forging
23:49 Chain Mail Armor
26:55 Iron Casting
26:23 Squires
28:24 Arson
namlongdl
7:34 Loom
11:14 Feudal Age
12:00 Double-Bit Axe
14:59 Castle Age
13:54 Horse Collar
14:55 Gold Mining
15:55 Bow Saw
17:54 Wheelbarrow
18:27 Sanctity
20:04 Stone Mining
24:02 Stone Shaft Mining
25:39 Fletching
26:27 Bodkin Arrow
Connection lost

Rejoining the realm…

Still unreachable

The connection could not be restored.

Session expired

The server has moved on; the page needs a fresh start.